Cogmind - Beta 11.1 @@@ ROGUE MODE // 2022.05.27 @ 23:43:14 Player: Decinym Result: Destroyed by WC-XP2(z) with Zionite Laser-S Performance ------------- Evolutions (3) 1500 Regions Visited (12) 2400 Robots Destroyed (139) 695 Value Destroyed (4004) 4004 Prototype IDs (49) 980 Alien Tech Used (0) 0 Bonus (2120) 2120 TOTAL SCORE: 11699 Bonus ------- High Alert Combat Kills 454 Follower Combat Kills 225 Aligned with FarCom 300 Met Imprinter 300 Destroyed Z-Imprinter 1000 Friendly Fire -159 Cogmind --------- Core Integrity 0/700 Matter 255/300 Energy 110/170 System Corruption 0% Temperature Cool (18) Movement Walking (260) Ox2 Location -7/Deep Caves Parts ------- > --- POWER (1) -------- Makeshift Power Source > --- PROPULSION (4) --- Carbon-fiber Leg Carbon-fiber Leg Carbon-fiber Leg > --- UTILITY (6) ------ Improved Heat Sink Improved Cooling System Huge Storage Unit Experimental Targeting Computer Graphene Brace > --- WEAPON (2) ------- Beamcaster Advanced EMP Blaster > --- INVENTORY (25) --- Armored Treads Medium Treads Carbon-fiber Leg Large Matter Pod (150) Makeshift Salvage Targeting Computer Advanced Weapon Cycler Transmission Jammer Improved Light Armor Plating 8R-AWN's Armor/EX System Purifier Hacking Drone Bay AS-neutralizer No. 17b Beamcaster Improved EM Pulse Cannon Improved EM Pulse Cannon Improved EM Pulse Cannon 8R-AWN's Boregun Missile Launcher Rocket Array Rocket Array Remote Datajack Peak State ------------ > --- POWER ------------ Neutrino Core > --- PROPULSION ------- Carbon-fiber Leg Carbon-fiber Leg Carbon-fiber Leg Improved Carbon-fiber Leg > --- UTILITY ---------- Improved Heat Sink Improved Cooling System Huge Storage Unit Experimental Targeting Computer Tactical Coordination Suite Graphene Brace > --- WEAPON ----------- Beamcaster 8R-AWN's Boregun > --- INVENTORY -------- Makeshift Power Source Armored Treads Medium Treads Carbon-fiber Leg Large Matter Pod Makeshift Salvage Targeting Computer Advanced Weapon Cycler Transmission Jammer Improved Light Armor Plating 8R-AWN's Armor/EX System Purifier Hacking Drone Bay AS-neutralizer No. 17b Beamcaster Improved EM Pulse Cannon Improved EM Pulse Cannon Improved EM Pulse Cannon Advanced EMP Blaster Missile Launcher Rocket Array Rocket Array Remote Datajack [Rating: 72] Favorites ----------- Power Reinforced Fission Core Engine Heavy Ion Engine Power Core Reinforced Fission Core Propulsion Light Treads Treads Light Treads Leg Advanced Myomer Leg Wheel Wheel Utility Huge Storage Unit Device Improved Heat Sink Storage Huge Storage Unit Processor Experimental Targeting Computer Hackware Hacking Suite Protection Light Armor Plating Weapon Precision Beam Rifle Energy Gun Precision Beam Rifle Energy Cannon Improved EM Pulse Cannon Ballistic Gun Light Assault Rifle Ballistic Cannon Heavy Assault Cannon Launcher Mini Grenade Launcher Special Weapon Remote Datajack Slashing Weapon Longsword +1 Build | -11 -10 -10 -9 -9 -9 -8 -8 -7 -7 -7 -7 -7 ------- Run | Scr Mat Min Mat Min Exi Min Mat Fac Low Low Zio Dee Slots Evolved 6 | . . . 2 . . . 2 2 . . . . Power . | . . . . . . . . . . . . . Propulsion 2 | . . . 1 . . . 1 . . . . . Utility 4 | . . . 1 . . . 1 2 . . . . Weapon . | . . . . . . . . . . . . . Parts Attached 152 | . 2 2 27 4 23 3 30 18 10 6 14 13 Power 8 | . . 1 2 . . . 1 1 1 . . 2 Engine 4 | . . 1 1 . . . 1 . . . . 1 Core 4 | . . . 1 . . . . 1 1 . . 1 Reactor . | . . . . . . . . . . . . . Propulsion 43 | . . . 12 2 5 . 7 4 3 3 4 3 Treads 25 | . . . 12 2 2 . . 4 2 3 . . Leg 14 | . . . . . 3 . 4 . . . 4 3 Wheel 4 | . . . . . . . 3 . 1 . . . Hover . | . . . . . . . . . . . . . Flight . | . . . . . . . . . . . . . Utility 39 | . 2 . 4 2 4 1 7 9 3 1 4 2 Device 14 | . . . 2 . . 1 2 3 2 . 4 . Storage 3 | . 1 . 1 . . . . . . . . 1 Processor 4 | . 1 . 1 . . . . 1 . 1 . . Hackware 1 | . . . . . . . . 1 . . . . Protection 17 | . . . . 2 4 . 5 4 1 . . 1 Artifact . | . . . . . . . . . . . . . Weapon 62 | . . 1 9 . 14 2 15 4 3 2 6 6 Energy Gun 22 | . . 1 7 . 2 2 3 2 1 . 2 2 Energy Cannon 2 | . . . . . . . . . 1 1 . . Ballistic Gun 9 | . . . . . 5 . . 1 . 1 . 2 Ballistic Cannon 9 | . . . . . 1 . 7 . . . 1 . Launcher 17 | . . . 2 . 3 . 5 1 1 . 3 2 Special Weapon 1 | . . . . . 1 . . . . . . . Impact Weapon . | . . . . . . . . . . . . . Slashing Weapon 2 | . . . . . 2 . . . . . . . Piercing Weapon . | . . . . . . . . . . . . . Special Melee Weapon . | . . . . . . . . . . . . . Unidentified Prototypes 11 | . . . 4 . . . 2 . . . 3 2 Parts Lost 45 | . . 1 2 3 4 . 8 9 8 1 . 9 Power 5 | . . 1 . . . . . 1 1 . . 2 Propulsion 21 | . . . 2 2 3 . 3 3 3 1 . 4 Utility 13 | . . . . 1 1 . 4 4 2 . . 1 Weapon 6 | . . . . . . . 1 1 2 . . 2 Highest Loss Streak 8 | . . 1 1 2 2 . 3 8 6 1 . 6 To Critical Strikes 2 | . . . . . 2 . . . . . . . Average Slot Usage (%) 94 | . 92 98 97 97 90 100 93 94 95 97 90 91 Engine 5 | . 14 12 7 11 11 11 9 3 . . . . Core 3 | . . . 3 . . . . 3 6 7 7 6 Treads 15 | . . . 30 32 20 . . 11 23 24 8 . Leg 13 | . 28 28 1 . 12 33 32 16 . . 20 27 Device 13 | . . . 9 1 . 7 15 11 21 28 25 28 Storage 9 | . 14 14 11 11 11 11 9 7 7 7 7 7 Processor 7 | . 7 14 11 9 . . . 7 7 8 12 7 Protection 5 | . . . . 9 13 14 7 9 7 . . 1 Energy Gun 9 | . 14 14 20 22 5 22 9 14 10 3 1 1 Energy Cannon 2 | . . . . . . . . . 2 10 5 . Ballistic Gun 2 | . 14 14 . . 6 . . . . . . . Ballistic Cannon 1 | . . . . . . . 8 . . . . 4 Naked Turns . | . . . . . . . . . . . . . Heaviest Build 123 | 13 33 28 93 112 115 106 123 108 120 120 122 122 Greatest Support 98 | 20 20 20 60 60 78 78 98 93 80 96 88 88 Greatest Overweight (x) 11 | . 1 1 1 1 2 1 10 2 11 11 1 5 Average Overweight (x) 1 | . . 1 . 1 1 1 1 1 6 5 1 1 Largest Inventory Capacity 25 | . 15 15 25 25 25 25 25 25 25 25 25 25 Average Capacity 23 | . 14 15 19 25 25 25 25 25 25 25 25 25 Most Carried 25 | . 9 10 25 25 25 25 25 25 25 24 25 25 Average Carried 21 | . 6 9 15 24 23 25 24 23 21 21 24 24 Final Capacity 25 | 8 15 15 25 25 25 25 25 25 25 25 25 25 Final Carried 25 | 6 9 10 24 25 25 25 25 25 20 24 24 23 Class Distribution -------------------- 64% | Scavenger-Mutant 35% | Mutant Dominant Class ---------------- Mutant | -10/Materials Mutant | -10/Mines Mutant | -9/Materials Mutant | -9/Mines Scavenger-Mutant | -9/Exiles Scavenger-Mutant | -8/Mines Scavenger-Mutant | -8/Materials Scavenger-Mutant | -7/Factory Scavenger-Mutant | -7/Lower Caves Scavenger-Mutant | -7/Lower Caves Scavenger-Mutant | -7/Zion Scavenger-Mutant | -7/Deep Caves Resources | -11 -10 -10 -9 -9 -9 -8 -8 -7 -7 -7 -7 -7 ----------- Run | Scr Mat Min Mat Min Exi Min Mat Fac Low Low Zio Dee Matter Collected 3163 | 200 26 38 308 40 635 30 1063 187 122 108 152 254 Remotely . | . . . . . . . . . . . . . Salvage Created 5046 | . 97 175 757 529 389 48 1442 465 433 299 . 412 Parts 317 | . 10 10 45 22 43 1 96 26 19 18 . 27 Haulers Intercepted 7 | . . . 3 . . . 4 . . . . . Recyclers Shooed 3 | . 1 . 1 . . . 1 . . . . . Parts Field Recycled . | . . . . . . . . . . . . . Retrieved Matter . | . . . . . . . . . . . . . Parts Self-Destructed 17 | . . . . . . . . . 15 . 2 . Prevented 1 | . . . . . . . . . 1 . . . Kills | -11 -10 -10 -9 -9 -9 -8 -8 -7 -7 -7 -7 -7 ------- Run | Scr Mat Min Mat Min Exi Min Mat Fac Low Low Zio Dee Combat Hostiles Destroyed 105 | . 4 6 17 7 5 1 38 10 9 2 . 6 Melee 1 | . . . . . 1 . . . . . . . Guns 45 | . 4 6 10 5 1 1 5 8 4 . . 1 Cannons 22 | . . . . . . . 20 . . 1 . 1 AOE 33 | . . . 7 . 3 . 13 2 4 . . 4 Classes Destroyed 20 | . 3 1 4 1 3 . 3 . 1 2 . 2 Worker 4 | . . 1 1 . . . 2 . . . . . Builder 2 | . . . 1 . . . 1 . . . . . Tunneler 4 | . . . . 2 . . 2 . . . . . Hauler 7 | . . . 3 . . . 4 . . . . . Recycler 6 | . . . 1 2 . . 3 . . . . . Turret 1 | . . . . . 1 . . . . . . . Watcher 4 | . 1 . . . . . 3 . . . . . Swarmer 26 | . 3 4 5 . . . 11 3 . . . . Grunt 36 | . 1 2 7 5 . 1 13 1 6 . . . Sentry 20 | . . . 5 2 . . 10 2 1 . . . Specialist 4 | . . . . . . . 2 2 . . . . Hunter 3 | . . . . . . . 1 1 1 . . . Heavy 2 | . . . . . . . 1 1 . . . . Behemoth 1 | . . . . . . . . . 1 . . . Zionite 7 | . . . . . 7 . . . . . . . Z-Light 5 | . . . . . . . . . . . . 5 Samaritan 5 | . . . . . . . . . . 5 . . Thief 2 | . . . . . . . . . . 2 . . Assembled 4 | . . . . . 4 . . . . . . . Butcher 1 | . . . . . . . . . . . . 1 Best Kill Streak 15 | . 4 3 6 3 4 1 15 5 4 2 . 3 Combat Bots Only 9 | . 3 3 5 3 4 1 9 5 4 2 . 3 Max Kills in Single Turn 4 | . 1 1 4 1 1 1 4 1 3 1 . 1 Gunslinging . | . . . . . . . . . . . . . Exploded 4 | . . . 4 . 1 . 3 1 3 . . 1 Melee 1 | . . . . . 1 . . . . . . . Uniques/NPCs Destroyed 5 | . . . . . 4 . . . . . . 1 8R-AWN (-9/Exiles) EX-DEC (-9/Exiles) EX-HEX (-9/Exiles) EX-BIN (-9/Exiles) Z-Imprinter (-7/Deep Caves) Combat | -11 -10 -10 -9 -9 -9 -8 -8 -7 -7 -7 -7 -7 -------- Run | Scr Mat Min Mat Min Exi Min Mat Fac Low Low Zio Dee Damage Taken 8937 | . 94 235 502 340 1270 128 1809 1191 1645 139 . 1584 Core 1199 | . . 22 45 32 145 . 251 136 153 13 . 402 Absorbed by Shields 338 | . . . . . . . 223 115 . . . . Redirected to Shielding 111 | . . . . . . . . . . . . 111 Core Remaining (%) 72 | 100 . 91 . . . 44 54 . . . . . Volleys Fired 373 | . 7 23 34 22 64 6 92 30 35 28 1 31 Largest 2 | . 2 2 2 2 2 2 2 2 2 2 1 2 Hottest 138 | . 60 60 122 122 122 122 122 122 130 138 81 91 Shots Fired 643 | . 14 44 64 35 113 12 167 58 66 33 1 36 Gun 446 | . 14 44 60 35 90 12 42 56 56 19 1 17 Cannon 138 | . . . . . 1 . 108 . 6 14 . 9 Launcher 55 | . . . 4 . 18 . 17 2 4 . . 10 Special 4 | . . . . . 4 . . . . . . . Kinetic 228 | . 7 23 3 . 57 . 108 1 . 8 . 21 Thermal 320 | . . 14 55 35 34 12 42 55 56 11 1 5 Explosive 46 | . . . 4 . 18 . 17 2 4 . . 1 Electromagnetic 45 | . 7 7 2 . . . . . 6 14 . 9 Robot Hit Streak 21 | . 4 13 19 16 8 10 17 19 13 20 . 21 Robot Miss Streak 5 | . 4 4 3 1 4 1 5 2 2 2 . 3 Penetration Max . | . . . . . . . . . . . . . Secondary Targets 3 | . 1 . . . . . . 2 . . . . Max Gunslinging Chain 1 | . 1 . . . . . . 1 . . . . Shots Hit Robots 460 | . 8 28 47 29 86 10 105 45 53 27 . 22 Core Hits 256 | . 6 13 34 12 31 3 76 21 21 13 . 26 Critical Kills 2 | . . . . . 2 . . . . . . . Critical Parts Destroyed 12 | . . . . . 4 . . . . 3 . 5 Critical Strikes 41 | . . . 4 7 10 1 5 4 2 3 . 5 Burn 23 | . . . 4 7 1 1 4 4 2 . . . Destroy 14 | . . . . . 6 . . . . 3 . 5 Blast 1 | . . . . . . . 1 . . . . . Sever 3 | . . . . . 3 . . . . . . . Melee Attacks 17 | . . . . . 17 . . . . . . . Impact . | . . . . . . . . . . . . . Slashing 17 | . . . . . 17 . . . . . . . Piercing . | . . . . . . . . . . . . . Sneak Attacks . | . . . . . . . . . . . . . Combat Hostiles . | . . . . . . . . . . . . . Follow-up Attacks . | . . . . . . . . . . . . . Damage Inflicted 13445 | . 137 316 1336 500 2474 171 3943 1092 1548 681 . 1247 Guns 5712 | . 107 306 722 500 997 171 598 835 938 276 . 262 Cannons 2637 | . . . . . . . 1831 . 151 339 . 316 Explosions 4275 | . 30 . 613 . 667 . 1514 257 459 66 . 669 Melee 762 | . . . . . 762 . . . . . . . Ramming 59 | . . 10 1 . 48 . . . . . . . Kinetic 3170 | . 35 118 16 . 521 . 1831 15 . 136 . 498 Thermal 4743 | . 30 91 715 500 476 171 598 820 938 206 . 198 Explosive 3622 | . . . 570 . 667 . 1514 257 459 . . 155 Electromagnetic 1089 | . 72 97 34 . . . . . 151 339 . 396 Impact . | . . . . . . . . . . . . . Slashing 762 | . . . . . 762 . . . . . . . Piercing . | . . . . . . . . . . . . . Highest Corruption 2 | . . . . . . . . . . . 2 . Average Corruption 1 | . . . . . . . . . . . 1 . Corruption Purged 2 | . . . . . . . . . . . 2 . Corruption Blocked . | . . . . . . . . . . . . . Effects 18 | . . . . . . . . . . . 18 . Message Errors 5 | . . . . . . . . . . . 5 . Matter Fused 2 | . . . . . . . . . . . 2 . Heat Flow Errors 1 | . . . . . . . . . . . 1 . Energy Discharges 4 | . . . . . . . . . . . 4 . Data Loss (minor) 6 | . . . . . . . . . . . 6 . Overload Shots . | . . . . . . . . . . . . . Overflow Damage 189 | . . . 18 . 30 . 68 . 10 57 . 6 Projectiles 100 | . . . . . . . 46 . 5 43 . 6 Explosions 69 | . . . 18 . 10 . 22 . 5 14 . . Melee 20 | . . . . . 20 . . . . . . . Knockbacks 22 | . . . . . . . 21 . . . . 1 Impact . | . . . . . . . . . . . . . Kinetic 20 | . . . . . . . 19 . . . . 1 Secondary 2 | . . . . . . . 2 . . . . . Self-Inflicted Damage 103 | . 30 . . . 33 . . . . 40 . . Shots 3 | . 1 . . . 1 . . . . 1 . . Rammed 12 | . . . 1 . 11 . . . . . . . Targets Rammed 13 | . . 1 1 . 11 . . . . . . . Kicked 1 | . . 1 . . . . . . . . . . Crushed . | . . . . . . . . . . . . . Highest Temperature 432 | . 52 94 72 282 432 252 28 137 377 . 42 . Average Temperature 87 | . 26 28 22 77 93 143 10 57 170 . 42 . Received Heat Transfer 2208 | . . 63 183 123 . 72 808 164 345 . . 450 Effects 12 | . . . . 3 4 . . . 5 . . . Shutdowns 3 | . . . . . 1 . . . 2 . . . Energy Bleed 2 | . . . . . 1 . . . 1 . . . Interference 4 | . . . . 3 1 . . . . . . . Short Circuit 1 | . . . . . . . . . 1 . . . Damage (minor) 1 | . . . . . . . . . 1 . . . Damage (major) 1 | . . . . . 1 . . . . . . . Siege Activations . | . . . . . . . . . . . . . Robots Corrupted 2 | . . . . . . . . . 1 1 . . Combat Hostiles 2 | . . . . . . . . . 1 1 . . Parts Fried 11 | . . . . . . . . . 2 4 . 5 Impact Corruptions . | . . . . . . . . . . . . . Robots Melted 3 | . . . . 2 1 . . . . . . . Combat Hostiles 2 | . . . . 2 . . . . . . . . Parts Melted 28 | . . . 5 9 5 2 4 2 1 . . . Heat Transferred 10735 | . 50 200 1752 1591 1110 444 1554 1813 1776 309 . 136 Parts Sabotaged . | . . . . . . . . . . . . . Parts Stolen 1 | . . . . . . . . . . 1 . . Parts Stripped . | . . . . . . . . . . . . . Power Chain Reactions 4 | . 1 . 1 . . . . . . 1 . 1 Missiles Intercepted . | . . . . . . . . . . . . . Alert | -11 -10 -10 -9 -9 -9 -8 -8 -7 -7 -7 -7 -7 ------- Run | Scr Mat Min Mat Min Exi Min Mat Fac Low Low Zio Dee Peak Influence 1077 | . 124 158 424 269 . 50 1077 687 . . . . Initial 421 | . . 48 . 118 . . 19 421 . . . . Average 212 | . 67 54 143 61 . 30 663 525 . . . . Maximum Alert Level 3 | . . . 2 1 . . 3 2 . . . . Low Security (%) 69 | . 100 100 68 92 . 100 17 . . . . . Level 1 9 | . . . 29 7 . . 6 . . . . . Level 2 12 | . . . 2 . . . 21 100 . . . . Level 3 8 | . . . . . . . 54 . . . . . Level 4 . | . . . . . . . . . . . . . Level 5 . | . . . . . . . . . . . . . High Security . | . . . . . . . . . . . . . Max Security . | . . . . . . . . . . . . . Squads Dispatched 14 | . . . 2 1 . . 8 3 . . . . Investigation 2 | . . . . 1 . . . 1 . . . . Extermination . | . . . . . . . . . . . . . Reinforcement 9 | . . . 2 . . . 5 2 . . . . Assault . | . . . . . . . . . . . . . Garrison 3 | . . . . . . . 3 . . . . . Intercept . | . . . . . . . . . . . . . Searches Triggered . | . . . . . . . . . . . . . Construction Impeded 1 | . . . . . . . 1 . . . . . Haulers Reinforced . | . . . . . . . . . . . . . Active Scanning Responses . | . . . . . . . . . . . . . Cargo Convoy Interrupts . | . . . . . . . . . . . . . Stealth | -11 -10 -10 -9 -9 -9 -8 -8 -7 -7 -7 -7 -7 --------- Run | Scr Mat Min Mat Min Exi Min Mat Fac Low Low Zio Dee Distress Signals 9 | . 1 . 3 . . . 5 . . . . . Communications Jammed 9 | . . . . . . . 9 . . . . . Distress Signals 3 | . . . . . . . 3 . . . . . Times Spotted 205 | . 8 10 29 7 65 3 50 13 9 4 . 7 Peak Tracking Total 9 | . 6 4 6 3 9 3 9 6 4 3 . 5 Tactical Retreats 24 | . . . . . 18 1 4 1 . . . . Traps | -11 -10 -10 -9 -9 -9 -8 -8 -7 -7 -7 -7 -7 ------- Run | Scr Mat Min Mat Min Exi Min Mat Fac Low Low Zio Dee Traps Triggered 5 | . . . 4 . . . 1 . . . . . Indirectly . | . . . . . . . . . . . . . Trap Hack Attempts . | . . . . . . . . . . . . . Triggered . | . . . . . . . . . . . . . Disarmed 3 | . . . 3 . . . . . . . . . Reprogrammed . | . . . . . . . . . . . . . Reused . | . . . . . . . . . . . . . Traps Extracted . | . . . . . . . . . . . . . Installed . | . . . . . . . . . . . . . Triggered . | . . . . . . . . . . . . . Exploded 3 | . . . . . 3 . . . . . . . Machines | -11 -10 -10 -9 -9 -9 -8 -8 -7 -7 -7 -7 -7 ---------- Run | Scr Mat Min Mat Min Exi Min Mat Fac Low Low Zio Dee Machines Disabled 17 | . . . 2 1 10 . 4 . . . . . Max in Single Turn 2 | . . . 1 1 2 . 1 . . . . . Machines Sabotaged . | . . . . . . . . . . . . . Garrisons Compromised . | . . . . . . . . . . . . . Overloaded Fab Kills . | . . . . . . . . . . . . . Hacking | -11 -10 -10 -9 -9 -9 -8 -8 -7 -7 -7 -7 -7 --------- Run | Scr Mat Min Mat Min Exi Min Mat Fac Low Low Zio Dee Machines Accessed 11 | . 1 . 5 1 1 . 1 2 . . . . Terminals 8 | . 1 . 5 . . . 1 1 . . . . Fabricators . | . . . . . . . . . . . . . Repair Stations 1 | . . . . . . . . 1 . . . . Recycling Units . | . . . . . . . . . . . . . Scanalyzers . | . . . . . . . . . . . . . Garrison Access . | . . . . . . . . . . . . . Total Hacks 23 | . 3 . 10 1 1 . 2 6 . . . . Successful 10 | . . . 6 1 1 . . 2 . . . . Failed 13 | . 3 . 4 . . . 2 4 . . . . Catastrophic 1 | . . . . . . . . 1 . . . . Database Lockouts . | . . . . . . . . . . . . . Manual 17 | . 3 . 7 . 1 . 2 . . . 4 . Terminals 18 | . 3 . 10 . . . 2 3 . . . . Fabricators . | . . . . . . . . . . . . . Repair Stations 3 | . . . . . . . . 3 . . . . Recycling Units . | . . . . . . . . . . . . . Scanalyzers . | . . . . . . . . . . . . . Garrison Access . | . . . . . . . . . . . . . Terminal Hacks 7 | . . . 4 1 1 . . 1 . . . . Robot Analysis 1 | . . . 1 . . . . . . . . . Prototype ID Bank 1 | . . . 1 . . . . . . . . . Open Door 1 | . . . . 1 . . . . . . . . Branch Access Points 1 | . . . . . . . . 1 . . . . Unreport Threat 1 | . . . 1 . . . . . . . . . Disarm Traps 1 | . . . 1 . . . . . . . . . EX-Prototype ID Bank 1 | . . . . . 1 . . . . . . . Fabricator Hacks . | . . . . . . . . . . . . . Repair Station Hacks 1 | . . . . . . . . 1 . . . . Scan Component 1 | . . . . . . . . 1 . . . . Recycling Unit Hacks . | . . . . . . . . . . . . . Scanalyzer . | . . . . . . . . . . . . . Garrison Access Hacks . | . . . . . . . . . . . . . Unauthorized Hacks 2 | . . . 2 . . . . . . . . . Terminals 2 | . . . 2 . . . . . . . . . Track 1 | . . . 1 . . . . . . . . . Botnet 1 | . . . 1 . . . . . . . . . Fabricators . | . . . . . . . . . . . . . Repair Stations . | . . . . . . . . . . . . . Recycling Units . | . . . . . . . . . . . . . Scanalyzers . | . . . . . . . . . . . . . Garrison Access . | . . . . . . . . . . . . . Data Cores Recovered . | . . . . . . . . . . . . . Used . | . . . . . . . . . . . . . Hacking Detections 8 | . 1 . 4 . . . 1 2 . . . . Full Trace Events 1 | . . . . . . . . 1 . . . . Feedback Events . | . . . . . . . . . . . . . Feedback Blocked . | . . . . . . . . . . . . . Robot Schematics Acquired 4 | . . . . . . . . . . . 4 . Robots Built . | . . . . . . . . . . . . . Authchips . | . . . . . . . . . . . . . Time . | . . . . . . . . . . . . . Total Robot Build Rating . | . . . . . . . . . . . . . Part Schematics Acquired 14 | . . . . . . . . . . . 14 . Parts Built . | . . . . . . . . . . . . . Authchips . | . . . . . . . . . . . . . Time . | . . . . . . . . . . . . . Total Part Build Rating . | . . . . . . . . . . . . . Parts Repaired . | . . . . . . . . . . . . . Time . | . . . . . . . . . . . . . Parts Recycled . | . . . . . . . . . . . . . Recycled Matter . | . . . . . . . . . . . . . Retrieved Matter . | . . . . . . . . . . . . . Retrieved Components . | . . . . . . . . . . . . . Parts Scanalyzed . | . . . . . . . . . . . . . Part Schematics Acquired . | . . . . . . . . . . . . . Parts Damaged . | . . . . . . . . . . . . . Bothacking | -11 -10 -10 -9 -9 -9 -8 -8 -7 -7 -7 -7 -7 ------------ Run | Scr Mat Min Mat Min Exi Min Mat Fac Low Low Zio Dee Used RIF Installer . | . . . . . . . . . . . . . Robots Hacked 4 | . . . . . 4 . . . . . . . Non-combat 3 | . . . . . 3 . . . . . . . Combat 1 | . . . . . 1 . . . . . . . Robot Hacks Applied 4 | . . . . . 4 . . . . . . . parse_system 4 | . . . . . 4 . . . . . . . Relay Couplers Released . | . . . . . . . . . . . . . Fabnet Peak Effective % . | . . . . . . . . . . . . . Robots Rewired . | . . . . . . . . . . . . . Allies Hacked . | . . . . . . . . . . . . . Hacks Repelled . | . . . . . . . . . . . . . Allies | -11 -10 -10 -9 -9 -9 -8 -8 -7 -7 -7 -7 -7 -------- Run | Scr Mat Min Mat Min Exi Min Mat Fac Low Low Zio Dee Total Allies 10 | . . 3 . 1 . . . . . . 6 . Largest Group 6 | . . 3 3 1 . . . . . . 6 6 Highest-Rated Group 168 | . . 40 40 31 . . . . . . 168 168 Highest-Rated Ally 31 | . . 16 16 31 . . . . . . 31 31 Total Orders . | . . . . . . . . . . . . . Ally Attacks 74 | . . 17 40 9 . . . . . . . 8 Total Damage 907 | . . 197 412 149 . . . . . . . 149 Kills 17 | . . 4 10 2 . . . . . . . 1 Allies Corrupted . | . . . . . . . . . . . . . Allies Melted . | . . . . . . . . . . . . . Intel | -11 -10 -10 -9 -9 -9 -8 -8 -7 -7 -7 -7 -7 ------- Run | Scr Mat Min Mat Min Exi Min Mat Fac Low Low Zio Dee Robot Analysis Total 1 | . . . 1 . . . . . . . . . Derelict Logs Recovered 6 | . . 1 . 1 . . . . 1 1 2 . Drone Launches . | . . . . . . . . . . . . . Drone Recoveries . | . . . . . . . . . . . . . Exploration | -11 -10 -10 -9 -9 -9 -8 -8 -7 -7 -7 -7 -7 ------------- Run | Scr Mat Min Mat Min Exi Min Mat Fac Low Low Zio Dee Turns Passed 16686 | . 300 1363 1308 1868 2684 186 1061 606 1661 1134 3862 653 Spaces Moved 6908 | 1 152 679 576 737 1015 87 379 215 574 432 1792 269 Core . | . . . . . . . . . . . . . Treads 2857 | . . . 545 737 595 . . 99 284 234 363 . Legs 3534 | 1 152 679 31 . 420 87 350 116 . . 1429 269 Wheels 517 | . . . . . . . 29 . 290 198 . . Hover . | . . . . . . . . . . . . . Flight . | . . . . . . . . . . . . . Fastest Speed 120 | 120 120 190 160 240 190 190 125 190 242 240 200 190 Average Speed 215 | 120 179 190 194 240 220 190 186 217 268 244 209 201 Slowest Speed 570 | 120 190 190 240 240 320 190 230 320 570 320 240 470 Overloaded Moves . | . . . . . . . . . . . . . Propulsion Burnouts . | . . . . . . . . . . . . . Robots Hopped . | . . . . . . . . . . . . . Cave-ins Triggered . | . . . . . . . . . . . . . Exploration Rate (%) 52 | 2 27 99 52 92 90 41 37 7 64 56 87 27 Regions Visited 12 Branch Regions 8 Pre-discovered Areas 1 | . . . . . . . . . . . 1 . Known Exits Taken 4 | . . . 1 . . 1 . 1 . 1 . . Unknown Exits Taken 8 | 1 1 1 . 1 1 . 1 . 1 . 1 . Scrap Searched 7 | . . 1 . 1 . . . . 1 2 2 . Spaces Dug . | . . . . . . . . . . . . . Terrain Destroyed 319 | . 3 . 40 . 62 . 127 18 25 3 . 41 Melee . | . . . . . . . . . . . . . Projectile 42 | . . . . . 8 . 22 . . 2 . 10 AOE 276 | . 3 . 40 . 53 . 105 18 25 1 . 31 Terrain Rammed . | . . . . . . . . . . . . . Walls Destroyed . | . . . . . . . . . . . . . Machines Disabled . | . . . . . . . . . . . . . Actions | -11 -10 -10 -9 -9 -9 -8 -8 -7 -7 -7 -7 -7 --------- Run | Scr Mat Min Mat Min Exi Min Mat Fac Low Low Zio Dee Total 8001 | . 168 712 692 804 1323 95 566 293 629 478 1903 338 Wait 373 | . . 5 25 29 157 . 35 21 5 7 72 17 Move 6896 | . 151 678 575 736 1014 86 378 214 573 431 1791 269 Hop . | . . . . . . . . . . . . . Pick Up 88 | . 5 2 20 7 17 . 12 5 3 3 10 4 Fast Attach 66 | . 2 1 15 2 4 . 13 9 3 4 7 6 Attach 41 | . . 1 5 2 8 . 6 6 5 . 3 5 Detach 7 | . . . . . 2 . 1 1 . 1 1 1 Swap 45 | . . . 7 . 11 3 11 3 2 2 4 2 Drop 82 | . 3 1 10 6 18 . 18 4 3 2 14 3 Fire 373 | . 7 23 34 22 64 6 92 30 35 28 1 31 Melee 17 | . . . . . 17 . . . . . . . Ram . | . . . . . . . . . . . . . Kick 1 | . . 1 . . . . . . . . . . Crush 12 | . . . 1 . 11 . . . . . . . Escape Stasis . | . . . . . . . . . . . . . Rewire . | . . . . . . . . . . . . . Trap . | . . . . . . . . . . . . . Miscellaneous . | . . . . . . . . . . . . . Route ------- -11/Scrapyard -10/Materials -10/Mines (discovered 2 exits: *Mat x2) -9/Materials (discovered 5 exits: *Mat x2 / *Min / *Sto x2) -9/Mines (discovered 3 exits: *Mat x2 / *Exi) -9/Exiles (discovered 2 exits: [*Min x2]) -8/Mines -8/Materials -7/Factory (discovered 3 exits: [*Fac] / *Low x2) -7/Lower Caves -7/Lower Caves (discovered 2 exits: [*Fac] / *Zio) -7/Zion (discovered 2 exits: [*Dee] / [*Pro]) -7/Deep Caves History --------- Turn | Location | Event 1 | -11/Scrapyard | Discovered new exit (range 0) 1 | -11/Scrapyard | Entered Materials 220 | -10/Materials | Discovered new exit (range 15) 301 | -10/Materials | Entered Mines 301 | -10/Mines | Discovered new exit (range 14) 309 | -10/Mines | Build established: Mutant 503 | -10/Mines | Learned 8 Materials zone layouts 716 | -10/Mines | Assisted by bots powering up and referring to "LRC-V3" 1343 | -10/Mines | Discovered new exit (range 14) 1664 | -10/Mines | Entered Materials 1664 | -9/Materials | Accompanied by 3 allies 1664 | -9/Materials | Evolved 2 slots: Propulsion x1, Utility x1 1665 | -9/Materials | Identified exit to Mines 1665 | -9/Materials | Identified exit to Storage 1665 | -9/Materials | Identified exit to Materials 2188 | -9/Materials | Discovered exit to Materials (range 9) 2663 | -9/Materials | Discovered exit to Storage (range 15) 2972 | -9/Materials | Entered Mines 2975 | -9/Mines | Received a Mining Laser from a helpful Derelict 3020 | -9/Mines | Learned Materials garrison access intel 3034 | -9/Mines | Met a Derelict bent on vengeance 3140 | -9/Mines | Discovered exit to Materials (range 5) 3379 | -9/Mines | Discovered exit to Materials (range 7) 3407 | -9/Mines | Received a Rocket Launcher from a helpful Derelict 3533 | -9/Mines | Deemed a non-threat by the Exiles lab entrance 3533 | -9/Mines | Discovered new exit (range 5) 3785 | -9/Mines | A weapon hastily lodged in a ceiling crevice suddenly fell to the ground 4520 | -9/Mines | Met a Derelict shopkeep closing up shop 4840 | -9/Mines | Entered Exiles 4898 | -9/Exiles | Met 8R-AWN 4946 | -9/Exiles | Met EX-HEX 5018 | -9/Exiles | Met EX-BIN 5047 | -9/Exiles | Aligned with FarCom system 5049 | -9/Exiles | Given EX-Vault access code 5114 | -9/Exiles | Opened EX-Vault 5134 | -9/Exiles | Found Longsword +1 5190 | -9/Exiles | Warned to stay clear of 0b10 Research branches 5258 | -9/Exiles | Met EX-DEC 5377 | -9/Exiles | Visited The Gauntlet 5716 | -9/Exiles | Discovered new exit (range 15) 5983 | -9/Exiles | Build established: Scavenger-Mutant 6091 | -9/Exiles | Attacked by the Exiles 6222 | -9/Exiles | Core integrity fell below 50% 6369 | -9/Exiles | Found 8R-AWN's Boregun 6373 | -9/Exiles | Found 8R-AWN's Boregun 6435 | -9/Exiles | Destroyed 8R-AWN 6530 | -9/Exiles | Found 8R-AWN's Armor/EX 6533 | -9/Exiles | Found AS-neutralizer No. 17b 6845 | -9/Exiles | Found Exp. Targeting Computer 7078 | -9/Exiles | Destroyed EX-DEC 7113 | -9/Exiles | Destroyed EX-HEX 7203 | -9/Exiles | Destroyed EX-BIN 7214 | -9/Exiles | Found System Purifier 7505 | -9/Exiles | Discovered new exit (range 12) 7524 | -9/Exiles | Entered Mines 7697 | -8/Mines | Discovered exit to Materials (range 8) 7710 | -8/Mines | Entered Materials 7710 | -8/Materials | Evolved 2 slots: Propulsion x1, Utility x1 7711 | -8/Materials | Loaded intel: 1 garrison access location 7820 | -8/Materials | Lost 3 parts (2u1w) 7960 | -8/Materials | Garrison activated, responded to threat 8006 | -8/Materials | Destroyed 9 combat bots 8070 | -8/Materials | Lost 3 parts (2n1u) 8223 | -8/Materials | Found Prototype Device 8236 | -8/Materials | Destroyed 7 combat bots 8388 | -8/Materials | Discovered new exit (range 11) 8771 | -8/Materials | Entered Factory 8771 | -7/Factory | Evolved 2 slots: Utility x2 8795 | -7/Factory | Identified exit to Lower Caves 9131 | -7/Factory | Lost 8 parts (1p3n3u1w) 9273 | -7/Factory | Discovered new exit (range 6) 9377 | -7/Factory | Entered Lower Caves 9379 | -7/Lower Caves | Attracted the attention of an 0b10 checkpoint 9395 | -7/Lower Caves | Learned Factory trap positions 9984 | -7/Lower Caves | Spotted B-75 Beast 10046 | -7/Lower Caves | Destroyed B-75 Beast 10076 | -7/Lower Caves | Lost 6 parts (1p3n1u1w) 10632 | -7/Lower Caves | Discovered new exit (range 10) 11038 | -7/Lower Caves | Entered another Lower Caves area 11173 | -7/Lower Caves | Discovered new exit (range 16) 11200 | -7/Lower Caves | Identified exit to Zion 12172 | -7/Lower Caves | Entered Zion 12574 | -7/Zion | Discovered new exit (range 15) 12790 | -7/Zion | Learned Factory garrison access intel 12853 | -7/Zion | Learned location of Data Miner (-6) 13236 | -7/Zion | Received a hallucinogenic algorithm 13386 | -7/Zion | Given the Hacking Drone Bay 13394 | -7/Zion | Found Prototype Device 13452 | -7/Zion | Acquired unknown access codes intercepted by a Zionite 13568 | -7/Zion | Gained Derelict followers 13679 | -7/Zion | Learned Factory non-interactive machine intel 13950 | -7/Zion | Found Prototype Launcher 13950 | -7/Zion | Identified Gui. Missile Launcher 13960 | -7/Zion | Found Prototype Launcher 13960 | -7/Zion | Identified Rocket Array 14019 | -7/Zion | Found Rocket Array 15469 | -7/Zion | Opened final containment barrier to the Deep Caves 15503 | -7/Zion | Discovered new exit (range 5) 15507 | -7/Zion | Saw the warning signs outside the Deep Caves entrance 16034 | -7/Zion | Entered Deep Caves 16034 | -7/Deep Caves | Accompanied by 6 allies 16423 | -7/Deep Caves | Attacked by Z-Imprinter 16456 | -7/Deep Caves | Core integrity fell below 50% 16485 | -7/Deep Caves | Destroyed Z-Imprinter 16515 | -7/Deep Caves | Lost 6 parts (1p3n2w) 16583 | -7/Deep Caves | Found Prototype Protection 16583 | -7/Deep Caves | Identified Zio. Weapon Casing 16669 | -7/Deep Caves | Core integrity fell below 20% 16671 | -7/Deep Caves | Z-Facility disabled 16687 | -7/Deep Caves | Destroyed by WC-XP2(z) with Zionite Laser-S Last Messages --------------- 16600_ Acquired Zio. Biocell. 16668_ Imp. Carbon-fiber Leg destroyed. 16671_ Z-Facility disabled. 16671_ Zio. Biocell fried. 16671_ 0J-BUZ(z) destroyed. 16671_ Chain reaction triggered in Corrupted Prototype Reactor. 16673_ Neutrino Core destroyed. 16673_ Destroyed Prototype Protection. 16676_ Dropped Zio. Biocell. 16677_ Extracted 126 energy. 16677_ Prototype Hover Unit fried. 16677_ Prototype Energy Gun fried. 16677_ PU-X6P(z) destroyed. 16677_ Destroyed Zio. Biocell. 16678_ Extracted 49 energy. 16679_ Prototype Hover Unit fried. 16679_ HR-53T(z) destroyed. 16680_ Extracted 49 energy. 16681_ Zio. Weapon Casing destroyed. 16682_ Extracted 49 energy. Map ----- +----------------------------------------------------+ | | | | | | | | | | | | | | | | | | | | | | | | | | | | | | | ?????????????????????????????????????????????????? | | ??????????????????????????###############????????? | | ???????????????????????#### ##???????? | | ??????????????????????## #????#### | | ????????????##????#??## ###### "" | | ???????????? ??# ## ## # " | | ??????????? %! ! # " | | ??????????? z!! | | ?????????? % ! | | ?????????? ! | | ?????????? @ | | ?????????? """" """""" ! * | | ?????????? """"""""""""" ! | | ??????????? """""""""""""" ! | | ??????????? """""""""""""" | | ???????????? """"""""""" | | ???????????? ??""""""""""""" | | ??????????????? ??????????"""""" | | ??????????????? ???????????"""""" | | ???????????????? ?????????????"""""" | | ?????????????????????????????????"=" | | ??????????????????????????????????!%* | | ????????????????????????????????? = | | ????????????????????????????????" | | ????????????????????????????????" | | ????????????????????????????????""" | | ??????????????????????????????????""" | | ???????????????????????????????????? | | ????????????????????????????????????? | | ?????????????????????????????????????????????????? | | ?????????????????????????????????????????????????? | | ?????????????????????????????????????????????????? | | ?????????????????????????????????????????????????? | | ?????????????????????????????????????????????????? | | ?????????????????????????????????????????????????? | +----------------------------------------------------+ Best States ------------- Heat Dissipation 75 Energy Generation 19 Energy Capacity 915 Matter Stores 300 Matter Capacity 300 Sight Range 16 Terrain Scan Density 10 Jamming Range 16 Armor Coverage 600 Resistance: KI 30 Weapon Shielding 100 Evasion (%) 55 Targeting Accuracy 17 Recoil Reduction 4 Offensive Hacking 10 Item Schematics ----------------- Mak. Terrain Scan Processor | -7/Zion | Archive Coil Gun | -7/Zion | Archive Weapon Cycler | -7/Zion | Archive Imp. Salvage Targeting Computer | -7/Zion | Archive Focal Shield | -7/Zion | Archive Imp. Shield Generator | -7/Zion | Archive Mak. Ablative Armor | -7/Zion | Archive Wave Gun | -7/Zion | Archive Gauss Cannon | -7/Zion | Archive Mak. Transmission Jammer | -7/Zion | Archive Mak. Spear | -7/Zion | Archive Arm. Leg | -7/Zion | Archive Stasis Canceller | -7/Zion | Archive Lightning Gun | -7/Zion | Archive Robot Schematics ------------------ B-36 Bruiser | -7/Zion | Archive R-06 Scavenger | -7/Zion | Archive W-25 Informer | -7/Zion | Archive X-77 Beamer | -7/Zion | Archive Fabricated ------------ Nothing Alien Tech Used ----------------- None Achievements -------------- None Challenges ------------ None Game ------ Seed CorruptionMagneticActivator Manual? 0 Play Time 01:03:11 Cumulative 362.2 hours Start 2022.05.27 @ 21:22:42 End 2022.05.27 @ 23:43:14 Sessions 3 Manual Loads 0 Difficulty Rogue Special Mode None Game No. 392 Rogue 392 Adventurer 0 Explorer 0 Win Type - Total 29 Types 18/3/2/1/2/0/3/0/0 Lore% 89 Gallery% 88 Achievement% 80 Wizard Run 0 Options --------- ASCII 0 Keyboard 0 Movement Arrows Keybinds 0 Fullscreen 2 Font 18/SmallcapsGlow Map View 76x50 Tactical HUD 1 Map Filters NONE Filters NONE Steam 1 RUN: 5e4fe559-e198-4291-9316-7890950e55b2